Login

Hershey Bears vs Wilkes-Barre/Scranton Penguins

Created - 15 April 2024 at 23:08

Goals
1 2 3 T
Hershey Bears 0 2 0 2
Wilkes-Barre/Scranton Penguins 0 0 1 1
Shots
1 2 3 T
Hershey Bears 10 11 11 32
Wilkes-Barre/Scranton Penguins 7 17 9 33

GoalsPenalties
1st period
No Goal
Radim Zohorna (WBS) for Interference (Minor) at 6:15
2nd period
1. Hershey Bears , CJ Suess 4 (Ethen Frank 6, Henrik Borgstrom 7) at 11:35
2. Hershey Bears , Joe Snively 11 (Matthew Phillips 11, Adam Cracknell 4) at 15:51
Jon Gillies (HER) for Slashing (Minor) at 0:12 - Dylan McIlrath served the penalty
Henrik Borgstrom (HER) for Holding Stick (Minor) at 4:09
CJ Suess (HER) for High sticking (Minor) at 18:21
3rd period
3. Wilkes-Barre/Scranton Penguins , Jordan Frasca 1 (Lukas Svejkovsky 1, Alex Nylander 9) at 1:58
Dylan McIlrath (HER) for Holding (Minor) at 3:14
Goalie Stats
Jon Gillies (HER), 32 saves from 33 shots - (0.970), W, 7-3-0, 60:00 minutes
Magnus Hellberg (WBS), 30 saves from 32 shots - (0.938), L, 7-4-4, 59:08 minutes
3 StarsOfficial
1 - Jon Gillies (HER)
2 - Joe Snively (HER)
3 - Adam Cracknell (HER)
Referees : Corey Syvret and Garrett Rank
Linesman : Jake Davis and Michel Cormier
Game Note
11:35 of 2nd period - Hershey Bears goal is going for a video replay. After video review, Goal.
Finance
Level 1 -- Attendance: 2000 (100.00%) -- Ticket Income $70,000
Level 2 -- Attendance: 974 (97.40%) -- Ticket Income $14,610
Total Attendance: 2974 (99.13%)
Total Ticket Income: $84,610
Other Income: $41,459
Total Income: $126,069



Team Name Goals Shots Shots Attemp Shots Blocked PIM HIT PP PK FO%
Hershey Bears 2327058310 / 1 (0%)054%
Wilkes-Barre/Scranton Penguins 13359152180 / 4 (0%)046%

Hershey Bears
Player Name POS G A P +/- PIM HIT SHT SB MP PP MP PP SHT PK MP PK SHT FO% FOT GA TA
Adam CracknellLW0111041119:021:0603:1100% 000
Alex LimogesLW0000011015:300:5000:3700% 000
Chase PriskieD0001000015:210:0000:0000% 000
CJ SuessLW1011222013:420:0000:0000% 001
Connor McMichaelC0000034119:050:5004:08053% 1701
Dylan McIlrathD0000220023:091:0202:2100% 013
Ethen FrankRW0111002114:240:5000:0000% 101
Evan PoleiLW000-102007:210:0000:0000% 000
Henrik BorgstromC0111210015:390:0001:35050% 1201
Ivan ChukarovD0001000017:110:0001:5600% 000
Joe SnivelyC1011013015:341:0900:00065% 1701
Kristians RubinsD0000020118:530:5702:5000% 001
Lucas JohansenD0000011120:020:5703:5300% 020
Matthew PhillipsRW0111024014:110:5800:0000% 110
Michael SgarbossaC000-103309:540:0002:13050% 400
Nicolas Aube-KubelRW0000063019:410:1404:0800% 000
Pierrick DubeRW000-100207:540:0000:0000% 000
Vincent IorioD0000016025:281:0204:5200% 000
Wilkes-Barre/Scranton Penguins
Player Name POS G A P +/- PIM HIT SHT SB MP PP MP PP SHT PK MP PK SHT FO% FOT GA TA
Alex NylanderLW0110034223:064:2001:02060% 510
Corey AndonovskiRW000-1021312:270:1500:0000% 010
Dmitri SamorukovD0000001022:555:0601:0600% 011
Filip HallanderC0000027120:233:3620:49067% 1211
Jack RathboneD0000001324:335:0601:0600% 010
Jack St-IvanyD000001002:120:0000:0000% 000
John LudvigD0001020111:590:0000:0000% 000
Jonathan GrudenC000-1045018:424:0500:39033% 1210
Jordan FrascaLW101100227:370:0000:0000% 001
Lukas SvejkovskyRW011101117:290:0000:0000% 010
Marc JohnstoneRW0000003119:073:3600:0000% 100
Radim ZohornaLW0000203019:273:3610:0000% 100
Raivis AnsonsLW000-1020013:540:0000:2700% 100
Ryan SheaD000-2000122:542:5000:5300% 000
Valtteri PuustinenRW000-1000019:584:0501:0100% 100
Vinnie HinostrozaC000-1012015:500:1500:00047% 1921
Will ButcherD000-2002023:282:5000:5300% 000
Xavier OuelletD0001001011:590:0000:0000% 000

Hershey Bears

5 vs 5 Forward
Line #Left WingCenterRight WingPHYDFOFWanted %Time %Time Play
1Adam CracknellJoe SnivelyMatthew Phillips1223028%13:29
2Alex LimogesConnor McMichaelNicolas Aube-Kubel1223030%14:31
3CJ SuessHenrik BorgstromEthen Frank1223028%13:34
4Evan PoleiMichael SgarbossaPierrick Dube1221015%7:21
5 vs 5 Defense
Line #DefenseDefensePHYDFOFWanted %Time %Time Play
1Dylan McIlrathVincent Iorio1224039%19:08
2Lucas JohansenKristians Rubins1223031%15:06
3Chase PriskieIvan Chukarov1223030%14:41
4Dylan McIlrathVincent Iorio12200%0:00
Power Play Forward
Line #Left WingCenterRight WingPHYDFOFWanted %Time %Time Play
1Adam CracknellJoe SnivelyMatthew Phillips1226058%1:09
2Alex LimogesConnor McMichaelEthen Frank1224042%0:50
Power Play Defense
Line #DefenseDefensePHYDFOFWanted %Time %Time Play
1Dylan McIlrathVincent Iorio1226052%1:02
2Lucas JohansenKristians Rubins1224048%0:57
Penalty Kill 4 Players Forward
Line #CenterWingPHYDFOFWanted %Time %Time Play
1Connor McMichaelNicolas Aube-Kubel1226075%5:55
2Henrik BorgstromAdam Cracknell1224025%2:01
Penalty Kill 4 Players Defense
Line #DefenseDefensePHYDFOFWanted %Time %Time Play
1Dylan McIlrathVincent Iorio1226064%5:06
2Lucas JohansenKristians Rubins1224036%2:50
Penalty Kill 3 Players
Line #WingPHYDFOFWanted %Time %Time PlayDefenseDefensePHYDFOFWanted %Time %Time Play
1Nicolas Aube-Kubel122600%0:00 Dylan McIlrathVincent Iorio122600%0:00
2Henrik Borgstrom122400%0:00 Lucas JohansenKristians Rubins122400%0:00
4 vs 4 Forward
Line #CenterWingPHYDFOFWanted %Time %Time Play
1Joe SnivelyMatthew Phillips122600%0:00
2Connor McMichaelAdam Cracknell122400%0:00
4 vs 4 Defense
Line #DefensePHYDFOFWanted %Time %Time Play
1Dylan McIlrathVincent Iorio122600%0:00
2Lucas JohansenKristians Rubins122400%0:00
Last Minutes Offensive
Left WingCenterRight WingDefenseDefense
Adam CracknellJoe SnivelyMatthew PhillipsDylan McIlrathVincent Iorio
Last Minutes Defensive
Left WingCenterRight WingDefenseDefense
Adam CracknellJoe SnivelyNicolas Aube-KubelDylan McIlrathVincent Iorio
Time
Total ForwardTotal DefenseLast Minutes OffensiveLast Minutes Defensive
60:00 60:00 0:001:10
Extra Forwards
Normal PowerPlayPenalty Kill
Nicolas Aube-Kubel, Henrik Borgstrom, Michael SgarbossaNicolas Aube-Kubel, Henrik BorgstromMichael Sgarbossa
Extra Defensemen
Normal PowerPlayPenalty Kill
Chase Priskie, Ivan Chukarov, Lucas JohansenChase Priskie, Ivan ChukarovLucas Johansen
Penalty Shots
Joe Snively, Matthew Phillips, Connor McMichael, Adam Cracknell, Henrik Borgstrom
Goalie
Jon Gillies, Hunter Shepard
Custom OT Lines Forwards
Joe Snively, Matthew Phillips, Connor McMichael, Nicolas Aube-Kubel, Adam Cracknell, Henrik Borgstrom, Alex Limoges, Michael Sgarbossa, CJ Suess, Ethen Frank
Custom OT Lines Defensemen
Dylan McIlrath, Vincent Iorio, Lucas Johansen, Kristians Rubins, Chase Priskie
Scratches
Billy Constantinou (Healthy), Pavel Gogolev (Healthy), Patrick Khodorenko (Healthy), Hendrix Lapierre (Healthy), Justin Nachbaur (Healthy) Henrik Rybinski (Healthy), Zach Senyshyn (Healthy), Riley Sutter (Healthy), Bogdan Trineyev (Healthy), Kirill Tyutyayev (Healthy) Daniil Zhuravlyov (Healthy), Clay Stevenson (Healthy)

Wilkes-Barre/Scranton Penguins

5 vs 5 Forward
Line #Left WingCenterRight WingPHYDFOFWanted %Time %Time Play
1Alex NylanderVinnie HinostrozaValtteri Puustinen1224029%14:21
2Radim ZohornaFilip HallanderMarc Johnstone1223032%15:30
3Raivis AnsonsJonathan GrudenCorey Andonovski1222024%11:56
4Jordan FrascaAlex NylanderLukas Svejkovsky1221015%7:11
5 vs 5 Defense
Line #DefenseDefensePHYDFOFWanted %Time %Time Play
1Jack RathboneDmitri Samorukov1224033%16:16
2Will ButcherRyan Shea1223038%18:31
3John LudvigXavier Ouellet1222024%11:59
4Jack St-IvanyJack Rathbone122104%2:12
Power Play Forward
Line #Left WingCenterRight WingPHYDFOFWanted %Time %Time Play
1Alex NylanderJonathan GrudenValtteri Puustinen1226055%4:20
2Radim ZohornaFilip HallanderMarc Johnstone1224045%3:36
Power Play Defense
Line #DefenseDefensePHYDFOFWanted %Time %Time Play
1Jack RathboneDmitri Samorukov1226064%5:06
2Will ButcherRyan Shea1224036%2:50
Penalty Kill 4 Players Forward
Line #CenterWingPHYDFOFWanted %Time %Time Play
1Valtteri PuustinenAlex Nylander1226059%1:10
2Filip HallanderRadim Zohorna1224041%0:49
Penalty Kill 4 Players Defense
Line #DefenseDefensePHYDFOFWanted %Time %Time Play
1Jack RathboneDmitri Samorukov1226055%1:06
2Will ButcherRyan Shea1224045%0:53
Penalty Kill 3 Players
Line #WingPHYDFOFWanted %Time %Time PlayDefenseDefensePHYDFOFWanted %Time %Time Play
1Alex Nylander122600%0:00 Jack RathboneDmitri Samorukov122600%0:00
2Filip Hallander122400%0:00 Will ButcherRyan Shea122400%0:00
4 vs 4 Forward
Line #CenterWingPHYDFOFWanted %Time %Time Play
1Valtteri PuustinenAlex Nylander122600%0:00
2Filip HallanderRadim Zohorna122400%0:00
4 vs 4 Defense
Line #DefensePHYDFOFWanted %Time %Time Play
1Jack RathboneDmitri Samorukov122600%0:00
2Will ButcherRyan Shea122400%0:00
Last Minutes Offensive
Left WingCenterRight WingDefenseDefense
Alex NylanderVinnie HinostrozaValtteri PuustinenJack RathboneDmitri Samorukov
Last Minutes Defensive
Left WingCenterRight WingDefenseDefense
Alex NylanderVinnie HinostrozaValtteri PuustinenJack RathboneDmitri Samorukov
Time
Total ForwardTotal DefenseLast Minutes OffensiveLast Minutes Defensive
60:00 60:00 1:070:00
Extra Forwards
Normal PowerPlayPenalty Kill
Jonathan Gruden, Valtteri Puustinen, Marc JohnstoneJonathan Gruden, Valtteri PuustinenJonathan Gruden
Extra Defensemen
Normal PowerPlayPenalty Kill
John Ludvig, Xavier Ouellet, Jack St-IvanyJohn Ludvig, John LudvigXavier Ouellet
Penalty Shots
Valtteri Puustinen, Alex Nylander, Radim Zohorna, Filip Hallander, Jonathan Gruden
Goalie
Magnus Hellberg, Taylor Gauthier
Custom OT Lines Forwards
Vinnie Hinostroza, Alex Nylander, Radim Zohorna, Filip Hallander, Jonathan Gruden, Valtteri Puustinen, Marc Johnstone, Corey Andonovski, Lukas Svejkovsky, Raivis Ansons
Custom OT Lines Defensemen
Jack Rathbone, Dmitri Samorukov, Will Butcher, Ryan Shea, John Ludvig
Scratches
Jansen Harkins (Bruised Right Shoulder Injury), Joel Blomqvist (Healthy), Filip Lindberg (Healthy)


Play-by-Play

1st period


0:01 of 1st period - Vinnie Hinostroza wins face-off versus Joe Snively in neutral zone.
1:36 of 1st period - Snap shot by Joe Snively.
1:36 of 1st period - Shot Misses the Net.
4:47 of 1st period - Ethen Frank is hit by John Ludvig and loses puck.
5:00 of 1st period - Slapshot by Michael Sgarbossa.
5:00 of 1st period - Deflect By Pierrick Dube.
5:00 of 1st period - Stopped by Magnus Hellberg with a rebound.
5:02 of 1st period - Slapshot by Lucas Johansen.
5:02 of 1st period - Stopped by Magnus Hellberg without a rebound.
5:03 of 1st period - Michael Sgarbossa wins face-off versus Radim Zohorna in Wilkes-Barre/Scranton Penguins zone.
5:04 of 1st period - Snap shot by Pierrick Dube.
5:04 of 1st period - Stopped by Magnus Hellberg without a rebound.
5:05 of 1st period - Filip Hallander wins face-off versus Henrik Borgstrom in Wilkes-Barre/Scranton Penguins zone.
5:30 of 1st period - Will Butcher is hit by Nicolas Aube-Kubel and loses puck.
5:39 of 1st period - Slapshot by Nicolas Aube-Kubel.
5:39 of 1st period - Stopped by Magnus Hellberg with a rebound.
5:59 of 1st period - Snap shot by Matthew Phillips.
5:59 of 1st period - Shot Misses the Net.
6:01 of 1st period - Wrist shot by Joe Snively.
6:01 of 1st period - Deflect By Matthew Phillips.
6:01 of 1st period - Deflect By Jonathan Gruden.
6:01 of 1st period - Shot Blocked by Jack Rathbone.
6:01 of 1st period - Puck is out of play.
6:02 of 1st period - Joe Snively wins face-off versus Marc Johnstone in Wilkes-Barre/Scranton Penguins zone.
6:05 of 1st period - Backhand shot by Matthew Phillips.
6:05 of 1st period - Stopped by Magnus Hellberg with a rebound.
6:07 of 1st period - Snap shot by Joe Snively.
6:07 of 1st period - Shot Blocked by Marc Johnstone.
6:09 of 1st period - Snap shot by Vincent Iorio.
6:09 of 1st period - Stopped by Magnus Hellberg without a rebound.
6:10 of 1st period - Henrik Borgstrom wins face-off versus Filip Hallander in Wilkes-Barre/Scranton Penguins zone.
6:13 of 1st period - Slapshot by Henrik Borgstrom.
6:13 of 1st period - Shot Blocked by Filip Hallander.
6:15 of 1st period - Minor Penalty to Radim Zohorna for Interference.
6:16 of 1st period - Joe Snively wins face-off versus Valtteri Puustinen in Wilkes-Barre/Scranton Penguins zone.
6:56 of 1st period - Slapshot by Jonathan Gruden.
6:56 of 1st period - Shot Blocked by Ethen Frank.
8:15 of 1st period - Penalty to Radim Zohorna is over, Radim Zohorna is back on ice.
8:26 of 1st period - Dmitri Samorukov is hit by Evan Polei and loses puck.
9:40 of 1st period - Marc Johnstone is hit by Lucas Johansen and loses puck.
10:05 of 1st period - Adam Cracknell is hit by John Ludvig.
10:27 of 1st period - Pierrick Dube is hit by Jack St-Ivany and loses puck.
10:34 of 1st period - Jack Rathbone is hit by Michael Sgarbossa and loses puck.
10:51 of 1st period - Jonathan Gruden is hit by Adam Cracknell and loses puck.
11:22 of 1st period - Ryan Shea is hit by Adam Cracknell and loses puck.
12:06 of 1st period - Icing by Lukas Svejkovsky.
12:07 of 1st period - Michael Sgarbossa wins face-off versus Jonathan Gruden in Wilkes-Barre/Scranton Penguins zone.
12:41 of 1st period - Wrist shot by Jordan Frasca.
12:41 of 1st period - Shot Misses the Net.
13:01 of 1st period - Wrist shot by Jonathan Gruden.
13:01 of 1st period - Stopped by Jon Gillies with a rebound.
13:03 of 1st period - Snap shot by Xavier Ouellet.
13:03 of 1st period - Shot Misses the Net.
13:05 of 1st period - Slapshot by Jonathan Gruden.
13:05 of 1st period - Shot Misses the Net.
13:07 of 1st period - Snap shot by Jordan Frasca.
13:07 of 1st period - Stopped by Jon Gillies with a rebound.
13:09 of 1st period - Slapshot by Jonathan Gruden.
13:09 of 1st period - Shot Misses the Net.
13:13 of 1st period - Snap shot by Lukas Svejkovsky.
13:13 of 1st period - Stopped by Jon Gillies with a rebound.
13:15 of 1st period - Slapshot by Jonathan Gruden.
13:15 of 1st period - Shot Misses the Net.
13:17 of 1st period - Snap shot by Jonathan Gruden.
13:17 of 1st period - Shot Misses the Net.
13:19 of 1st period - Wrist shot by Jonathan Gruden.
13:19 of 1st period - Stopped by Jon Gillies without a rebound.
13:20 of 1st period - Vinnie Hinostroza wins face-off versus Connor McMichael in Hershey Bears zone.
13:31 of 1st period - Jack Rathbone is hit by Nicolas Aube-Kubel and loses puck.
14:25 of 1st period - Filip Hallander is hit by Nicolas Aube-Kubel and loses puck.
14:44 of 1st period - Chase Priskie is hit by Alex Nylander and loses puck.
14:55 of 1st period - Corey Andonovski is hit by CJ Suess and loses puck.
15:24 of 1st period - Slapshot by Michael Sgarbossa.
15:24 of 1st period - Shot Misses the Net.
15:26 of 1st period - Backhand shot by Lucas Johansen.
15:26 of 1st period - Deflect By Michael Sgarbossa.
15:26 of 1st period - Stopped by Magnus Hellberg with a rebound.
15:55 of 1st period - Icing by Valtteri Puustinen.
15:56 of 1st period - Joe Snively wins face-off versus Filip Hallander in Wilkes-Barre/Scranton Penguins zone.
16:01 of 1st period - Snap shot by Joe Snively.
16:01 of 1st period - Shot Blocked by Jack Rathbone.
16:34 of 1st period - Wrist shot by Ethen Frank.
16:34 of 1st period - Shot Misses the Net.
16:36 of 1st period - Wrist shot by Connor McMichael.
16:36 of 1st period - Stopped by Magnus Hellberg with a rebound.
16:38 of 1st period - Wrist shot by Alex Limoges.
16:38 of 1st period - Shot Blocked by Jordan Frasca.
16:40 of 1st period - Slapshot by Vincent Iorio.
16:40 of 1st period - Deflect By Alex Nylander.
16:40 of 1st period - Stopped by Magnus Hellberg without a rebound.
16:41 of 1st period - Alex Nylander wins face-off versus Connor McMichael in Wilkes-Barre/Scranton Penguins zone.
16:41 of 1st period - Alex Nylander is hit by Connor McMichael.
16:54 of 1st period - Snap shot by Connor McMichael.
16:54 of 1st period - Stopped by Magnus Hellberg with a rebound.
17:00 of 1st period - Wrist shot by Filip Hallander.
17:00 of 1st period - Stopped by Jon Gillies without a rebound.
17:01 of 1st period - Filip Hallander wins face-off versus Ethen Frank in Hershey Bears zone.
17:02 of 1st period - Snap shot by Radim Zohorna.
17:02 of 1st period - Shot Misses the Net.
17:14 of 1st period - Radim Zohorna is hit by Dylan McIlrath.
17:58 of 1st period - Snap shot by Filip Hallander.
17:58 of 1st period - Shot Blocked by Lucas Johansen.
18:40 of 1st period - Snap shot by Vinnie Hinostroza.
18:40 of 1st period - Stopped by Jon Gillies with a rebound.
18:56 of 1st period - Wrist shot by Jonathan Gruden.
18:56 of 1st period - Stopped by Jon Gillies without a rebound.
18:57 of 1st period - Connor McMichael wins face-off versus Jonathan Gruden in Hershey Bears zone.
19:22 of 1st period - Connor McMichael is hit by Jonathan Gruden and loses puck.
19:35 of 1st period - Connor McMichael is hit by Corey Andonovski and loses puck.
Goals for this period are 0 for Hershey Bears vs 0 for Wilkes-Barre/Scranton Penguins.
Shots for this period are 10 for Hershey Bears vs 7 for Wilkes-Barre/Scranton Penguins.

2nd period


0:01 of 2nd period - Vinnie Hinostroza wins face-off versus Henrik Borgstrom in neutral zone.
0:12 of 2nd period - Slapshot by Vinnie Hinostroza.
0:12 of 2nd period - Stopped by Jon Gillies without a rebound.
0:12 of 2nd period - Minor Penalty to Jon Gillies for Slashing.
0:13 of 2nd period - Connor McMichael wins face-off versus Jonathan Gruden in Hershey Bears zone.
0:54 of 2nd period - Henrik Borgstrom is hit by Filip Hallander and loses puck.
2:09 of 2nd period - Lucas Johansen is hit by Alex Nylander and loses puck.
2:12 of 2nd period - Penalty to Dylan McIlrath is over, Dylan McIlrath is back on ice.
2:38 of 2nd period - Wrist shot by CJ Suess.
2:38 of 2nd period - Stopped by Magnus Hellberg with a rebound.
2:54 of 2nd period - Snap shot by Matthew Phillips.
2:54 of 2nd period - Shot Misses the Net.
2:56 of 2nd period - Wrist shot by Matthew Phillips.
2:56 of 2nd period - Shot Misses the Net.
3:58 of 2nd period - Jonathan Gruden is hit by Kristians Rubins and loses puck.
4:05 of 2nd period - Slapshot by Will Butcher.
4:05 of 2nd period - Stopped by Jon Gillies without a rebound.
4:06 of 2nd period - Henrik Borgstrom wins face-off versus Alex Nylander in Hershey Bears zone.
4:06 of 2nd period - Henrik Borgstrom is hit by Alex Nylander.
4:09 of 2nd period - Minor Penalty to Henrik Borgstrom for Holding Stick.
4:10 of 2nd period - Filip Hallander wins face-off versus Connor McMichael in Hershey Bears zone.
4:12 of 2nd period - Snap shot by Filip Hallander.
4:12 of 2nd period - Stopped by Jon Gillies without a rebound.
4:13 of 2nd period - Filip Hallander wins face-off versus Connor McMichael in Hershey Bears zone.
4:18 of 2nd period - Wrist shot by Filip Hallander.
4:18 of 2nd period - Deflect By Vincent Iorio.
4:18 of 2nd period - Stopped by Jon Gillies with a rebound.
4:20 of 2nd period - Slapshot by Dmitri Samorukov.
4:20 of 2nd period - Shot Misses the Net.
4:22 of 2nd period - Slapshot by Dmitri Samorukov.
4:22 of 2nd period - Shot Blocked by Connor McMichael.
4:24 of 2nd period - Wrist shot by Radim Zohorna.
4:24 of 2nd period - Stopped by Jon Gillies with a rebound.
4:51 of 2nd period - Icing by Radim Zohorna.
4:52 of 2nd period - Connor McMichael wins face-off versus Filip Hallander in Wilkes-Barre/Scranton Penguins zone.
4:53 of 2nd period - Wrist shot by Nicolas Aube-Kubel.
4:53 of 2nd period - Shot Misses the Net.
6:09 of 2nd period - Penalty to Henrik Borgstrom is over, Henrik Borgstrom is back on ice.
6:29 of 2nd period - Slapshot by Vincent Iorio.
6:29 of 2nd period - Shot Misses the Net.
6:31 of 2nd period - Snap shot by Vincent Iorio.
6:31 of 2nd period - Deflect By Corey Andonovski.
6:31 of 2nd period - Stopped by Magnus Hellberg with a rebound.
6:59 of 2nd period - Vinnie Hinostroza is hit by Nicolas Aube-Kubel and loses puck.
7:20 of 2nd period - Backhand shot by Ethen Frank.
7:20 of 2nd period - Stopped by Magnus Hellberg without a rebound.
7:21 of 2nd period - Filip Hallander wins face-off versus Henrik Borgstrom in Wilkes-Barre/Scranton Penguins zone.
7:30 of 2nd period - Snap shot by Filip Hallander.
7:30 of 2nd period - Shot Misses the Net.
7:32 of 2nd period - Slapshot by Ryan Shea.
7:32 of 2nd period - Shot Misses the Net.
7:34 of 2nd period - Slapshot by Radim Zohorna.
7:34 of 2nd period - Deflect By Marc Johnstone.
7:34 of 2nd period - Stopped by Jon Gillies without a rebound.
7:35 of 2nd period - Filip Hallander wins face-off versus Joe Snively in Hershey Bears zone.
8:42 of 2nd period - Filip Hallander is hit by Michael Sgarbossa and loses puck.
9:29 of 2nd period - Snap shot by Ethen Frank.
9:29 of 2nd period - Stopped by Magnus Hellberg with a rebound.
9:31 of 2nd period - Backhand shot by CJ Suess.
9:31 of 2nd period - Shot Misses the Net.
9:56 of 2nd period - Slapshot by Vincent Iorio.
9:56 of 2nd period - Stopped by Magnus Hellberg with a rebound.
9:58 of 2nd period - Slapshot by Vincent Iorio.
9:58 of 2nd period - Stopped by Magnus Hellberg without a rebound.
9:59 of 2nd period - Vinnie Hinostroza wins face-off versus Joe Snively in Wilkes-Barre/Scranton Penguins zone.
10:11 of 2nd period - Off-side.
10:12 of 2nd period - Filip Hallander wins face-off versus Joe Snively in neutral zone.
10:19 of 2nd period - Snap shot by Jack Rathbone.
10:19 of 2nd period - Stopped by Jon Gillies with a rebound.
10:21 of 2nd period - Snap shot by Marc Johnstone.
10:21 of 2nd period - Stopped by Jon Gillies with a rebound.
10:23 of 2nd period - Wrist shot by Marc Johnstone.
10:23 of 2nd period - Stopped by Jon Gillies without a rebound.
10:24 of 2nd period - Vinnie Hinostroza wins face-off versus Joe Snively in Hershey Bears zone.
10:25 of 2nd period - Slapshot by Alex Nylander.
10:25 of 2nd period - Stopped by Jon Gillies without a rebound.
10:26 of 2nd period - Joe Snively wins face-off versus Vinnie Hinostroza in Hershey Bears zone.
10:41 of 2nd period - Snap shot by Joe Snively.
10:41 of 2nd period - Shot Misses the Net.
10:58 of 2nd period - Wrist shot by Filip Hallander.
10:58 of 2nd period - Stopped by Jon Gillies with a rebound.
11:19 of 2nd period - Icing by Ethen Frank.
11:20 of 2nd period - Henrik Borgstrom wins face-off versus Jonathan Gruden in Hershey Bears zone.
11:33 of 2nd period - Slapshot by CJ Suess.
11:33 of 2nd period - Shot Blocked by Ryan Shea.
11:35 of 2nd period - Snap shot by CJ Suess.
11:35 of 2nd period - Hershey Bears goal is going for a video replay.
11:35 of 2nd period - The goal is good.
11:35 of 2nd period - Goal by CJ Suess - Hershey Bears : 1 - Wilkes-Barre/Scranton Penguins : 0.
11:36 of 2nd period - Joe Snively wins face-off versus Vinnie Hinostroza in neutral zone.
12:01 of 2nd period - Jack Rathbone is hit by Connor McMichael and loses puck.
12:10 of 2nd period - Wrist shot by Radim Zohorna.
12:10 of 2nd period - Stopped by Jon Gillies with a rebound.
12:12 of 2nd period - Backhand shot by Jack Rathbone.
12:12 of 2nd period - Shot Misses the Net.
12:24 of 2nd period - Slapshot by Corey Andonovski.
12:24 of 2nd period - Stopped by Jon Gillies with a rebound.
12:34 of 2nd period - Vincent Iorio is hit by Corey Andonovski and loses puck.
13:15 of 2nd period - Icing by John Ludvig.
13:16 of 2nd period - Filip Hallander wins face-off versus Connor McMichael in Wilkes-Barre/Scranton Penguins zone.
13:23 of 2nd period - Snap shot by Filip Hallander.
13:23 of 2nd period - Stopped by Jon Gillies with a rebound.
13:25 of 2nd period - Snap shot by Xavier Ouellet.
13:25 of 2nd period - Stopped by Jon Gillies with a rebound.
14:08 of 2nd period - Snap shot by Filip Hallander.
14:08 of 2nd period - Stopped by Jon Gillies without a rebound.
14:09 of 2nd period - Joe Snively wins face-off versus Vinnie Hinostroza in Hershey Bears zone.
14:22 of 2nd period - Wrist shot by Joe Snively.
14:22 of 2nd period - Deflect By Matthew Phillips.
14:22 of 2nd period - Stopped by Magnus Hellberg without a rebound.
14:23 of 2nd period - Henrik Borgstrom wins face-off versus Alex Nylander in Wilkes-Barre/Scranton Penguins zone.
14:35 of 2nd period - Off-side.
14:36 of 2nd period - Joe Snively wins face-off versus Vinnie Hinostroza in neutral zone.
15:22 of 2nd period - Will Butcher is hit by Nicolas Aube-Kubel and loses puck.
15:49 of 2nd period - Snap shot by Joe Snively.
15:49 of 2nd period - Stopped by Magnus Hellberg with a rebound.
15:51 of 2nd period - Snap shot by Joe Snively.
15:51 of 2nd period - Goal by Joe Snively - Hershey Bears : 2 - Wilkes-Barre/Scranton Penguins : 0.
15:52 of 2nd period - Vinnie Hinostroza wins face-off versus Matthew Phillips in neutral zone.
15:55 of 2nd period - Snap shot by Matthew Phillips.
15:55 of 2nd period - Shot Misses the Net.
16:03 of 2nd period - Snap shot by Valtteri Puustinen.
16:03 of 2nd period - Shot Misses the Net.
16:05 of 2nd period - Slapshot by Dmitri Samorukov.
16:05 of 2nd period - Stopped by Jon Gillies with a rebound.
16:21 of 2nd period - Filip Hallander is hit by Henrik Borgstrom and loses puck.
16:55 of 2nd period - Wrist shot by Michael Sgarbossa.
16:55 of 2nd period - Stopped by Magnus Hellberg without a rebound.
16:56 of 2nd period - Joe Snively wins face-off versus Vinnie Hinostroza in Wilkes-Barre/Scranton Penguins zone.
17:30 of 2nd period - Snap shot by Radim Zohorna.
17:30 of 2nd period - Shot Misses the Net.
17:46 of 2nd period - Henrik Borgstrom is hit by Raivis Ansons and loses puck.
17:59 of 2nd period - Vincent Iorio is hit by Lukas Svejkovsky and loses puck.
18:21 of 2nd period - Minor Penalty to CJ Suess for High sticking.
18:22 of 2nd period - Connor McMichael wins face-off versus Jonathan Gruden in Hershey Bears zone.
18:31 of 2nd period - Valtteri Puustinen is hit by Connor McMichael and loses puck.
Goals for this period are 2 for Hershey Bears vs 0 for Wilkes-Barre/Scranton Penguins.
Shots for this period are 11 for Hershey Bears vs 17 for Wilkes-Barre/Scranton Penguins.

3rd period


0:01 of 3rd period - Connor McMichael wins face-off versus Jonathan Gruden in neutral zone.
0:21 of 3rd period - Penalty to CJ Suess is over, CJ Suess is back on ice.
0:29 of 3rd period - Off-side.
0:30 of 3rd period - Joe Snively wins face-off versus Filip Hallander in neutral zone.
0:35 of 3rd period - Will Butcher is hit by Matthew Phillips and loses puck.
0:44 of 3rd period - Wrist shot by Matthew Phillips.
0:44 of 3rd period - Deflect By Ryan Shea.
0:44 of 3rd period - Stopped by Magnus Hellberg with a rebound.
0:46 of 3rd period - Snap shot by Matthew Phillips.
0:46 of 3rd period - Deflect By Adam Cracknell.
0:46 of 3rd period - Shot Misses the Net.
0:46 of 3rd period - Puck is out of play.
0:47 of 3rd period - Alex Nylander wins face-off versus Connor McMichael in Wilkes-Barre/Scranton Penguins zone.
1:12 of 3rd period - Joe Snively is hit by Filip Hallander and loses puck.
1:17 of 3rd period - Snap shot by Filip Hallander.
1:17 of 3rd period - Shot Misses the Net.
1:19 of 3rd period - Snap shot by Filip Hallander.
1:19 of 3rd period - Stopped by Jon Gillies with a rebound.
1:37 of 3rd period - Lucas Johansen is hit by Jonathan Gruden and loses puck.
1:56 of 3rd period - Snap shot by Lukas Svejkovsky.
1:56 of 3rd period - Shot Misses the Net.
1:58 of 3rd period - Snap shot by Jordan Frasca.
1:58 of 3rd period - Goal by Jordan Frasca - Hershey Bears : 2 - Wilkes-Barre/Scranton Penguins : 1.
1:59 of 3rd period - Vinnie Hinostroza wins face-off versus Connor McMichael in neutral zone.
2:43 of 3rd period - Adam Cracknell is hit by Jonathan Gruden and loses puck.
2:57 of 3rd period - Wrist shot by Joe Snively.
2:57 of 3rd period - Shot Blocked by Corey Andonovski.
2:59 of 3rd period - Slapshot by Chase Priskie.
2:59 of 3rd period - Shot Blocked by Corey Andonovski.
3:01 of 3rd period - Snap shot by Adam Cracknell.
3:01 of 3rd period - Shot Blocked by John Ludvig.
3:03 of 3rd period - Slapshot by Matthew Phillips.
3:03 of 3rd period - Shot Misses the Net.
3:05 of 3rd period - Snap shot by Matthew Phillips.
3:05 of 3rd period - Stopped by Magnus Hellberg without a rebound.
3:06 of 3rd period - Connor McMichael wins face-off versus Vinnie Hinostroza in Wilkes-Barre/Scranton Penguins zone.
3:14 of 3rd period - Minor Penalty to Dylan McIlrath for Holding.
3:15 of 3rd period - Connor McMichael wins face-off versus Jonathan Gruden in Hershey Bears zone.
3:15 of 3rd period - Connor McMichael is hit by Jonathan Gruden.
5:02 of 3rd period - Radim Zohorna is hit by Michael Sgarbossa and loses puck.
5:14 of 3rd period - Penalty to Dylan McIlrath is over, Dylan McIlrath is back on ice.
6:20 of 3rd period - John Ludvig is hit by Evan Polei.
6:30 of 3rd period - Marc Johnstone is hit by Matthew Phillips and loses puck.
6:56 of 3rd period - Alex Nylander is hit by Vincent Iorio.
7:14 of 3rd period - Slapshot by Vincent Iorio.
7:14 of 3rd period - Deflect By Vinnie Hinostroza.
7:14 of 3rd period - Stopped by Magnus Hellberg without a rebound.
7:15 of 3rd period - Vinnie Hinostroza wins face-off versus Michael Sgarbossa in Wilkes-Barre/Scranton Penguins zone.
7:20 of 3rd period - Dmitri Samorukov is hit by Kristians Rubins and loses puck.
7:37 of 3rd period - Marc Johnstone is hit by Alex Limoges and loses puck.
7:47 of 3rd period - Off-side.
7:48 of 3rd period - Henrik Borgstrom wins face-off versus Vinnie Hinostroza in neutral zone.
8:16 of 3rd period - Snap shot by Connor McMichael.
8:16 of 3rd period - Stopped by Magnus Hellberg with a rebound.
8:18 of 3rd period - Slapshot by Chase Priskie.
8:18 of 3rd period - Deflect By Alex Limoges.
8:18 of 3rd period - Stopped by Magnus Hellberg with a rebound.
8:20 of 3rd period - Slapshot by Connor McMichael.
8:20 of 3rd period - Shot Misses the Net.
8:42 of 3rd period - Wrist shot by Jonathan Gruden.
8:42 of 3rd period - Stopped by Jon Gillies with a rebound.
8:44 of 3rd period - Slapshot by Corey Andonovski.
8:44 of 3rd period - Shot Misses the Net.
8:54 of 3rd period - Wrist shot by Alex Nylander.
8:54 of 3rd period - Stopped by Jon Gillies without a rebound.
8:55 of 3rd period - Alex Nylander wins face-off versus Michael Sgarbossa in Hershey Bears zone.
8:56 of 3rd period - Slapshot by Jack Rathbone.
8:56 of 3rd period - Shot Blocked by Kristians Rubins.
9:08 of 3rd period - Slapshot by Lucas Johansen.
9:08 of 3rd period - Shot Blocked by Jordan Frasca.
9:10 of 3rd period - Slapshot by Michael Sgarbossa.
9:10 of 3rd period - Stopped by Magnus Hellberg with a rebound.
9:20 of 3rd period - Lukas Svejkovsky is hit by CJ Suess and loses puck.
9:25 of 3rd period - Snap shot by Henrik Borgstrom.
9:25 of 3rd period - Shot Blocked by Lukas Svejkovsky.
9:27 of 3rd period - Slapshot by Vincent Iorio.
9:27 of 3rd period - Shot Blocked by Jack Rathbone.
9:29 of 3rd period - Wrist shot by Henrik Borgstrom.
9:29 of 3rd period - Shot Misses the Net.
9:31 of 3rd period - Wrist shot by Henrik Borgstrom.
9:31 of 3rd period - Shot Misses the Net.
9:33 of 3rd period - Snap shot by Dylan McIlrath.
9:33 of 3rd period - Shot Misses the Net.
10:05 of 3rd period - Ryan Shea is hit by Adam Cracknell and loses puck.
10:10 of 3rd period - Slapshot by Joe Snively.
10:10 of 3rd period - Shot Misses the Net.
10:12 of 3rd period - Snap shot by Joe Snively.
10:12 of 3rd period - Shot Misses the Net.
10:14 of 3rd period - Wrist shot by Adam Cracknell.
10:14 of 3rd period - Stopped by Magnus Hellberg with a rebound.
11:09 of 3rd period - Off-side.
11:10 of 3rd period - Joe Snively wins face-off versus Jonathan Gruden in neutral zone.
11:17 of 3rd period - Snap shot by Joe Snively.
11:17 of 3rd period - Stopped by Magnus Hellberg with a rebound.
11:32 of 3rd period - Icing by Corey Andonovski.
11:33 of 3rd period - Jonathan Gruden wins face-off versus Connor McMichael in Wilkes-Barre/Scranton Penguins zone.
11:40 of 3rd period - Connor McMichael is hit by Vinnie Hinostroza and loses puck.
12:15 of 3rd period - Icing by Chase Priskie.
12:16 of 3rd period - Jonathan Gruden wins face-off versus Henrik Borgstrom in Hershey Bears zone.
12:19 of 3rd period - Wrist shot by Valtteri Puustinen.
12:19 of 3rd period - Shot Misses the Net.
12:30 of 3rd period - Icing by CJ Suess.
12:31 of 3rd period - Henrik Borgstrom wins face-off versus Vinnie Hinostroza in Hershey Bears zone.
12:35 of 3rd period - Off-side.
12:36 of 3rd period - Connor McMichael wins face-off versus Vinnie Hinostroza in neutral zone.
12:39 of 3rd period - Backhand shot by Vincent Iorio.
12:39 of 3rd period - Shot Blocked by Alex Nylander.
12:45 of 3rd period - Slapshot by Jack Rathbone.
12:45 of 3rd period - Shot Misses the Net.
13:03 of 3rd period - Jack Rathbone is hit by Joe Snively and loses puck.
13:24 of 3rd period - Michael Sgarbossa is hit by Raivis Ansons and loses puck.
13:57 of 3rd period - Wrist shot by Alex Nylander.
13:57 of 3rd period - Shot Misses the Net.
13:59 of 3rd period - Wrist shot by Alex Nylander.
13:59 of 3rd period - Stopped by Jon Gillies with a rebound.
14:18 of 3rd period - Slapshot by Alex Limoges.
14:18 of 3rd period - Shot Misses the Net.
14:38 of 3rd period - Will Butcher is hit by Nicolas Aube-Kubel and loses puck.
14:47 of 3rd period - Slapshot by Nicolas Aube-Kubel.
14:47 of 3rd period - Stopped by Magnus Hellberg with a rebound.
14:49 of 3rd period - Backhand shot by Ivan Chukarov.
14:49 of 3rd period - Shot Misses the Net.
14:51 of 3rd period - Slapshot by Connor McMichael.
14:51 of 3rd period - Shot Misses the Net.
14:53 of 3rd period - Wrist shot by Nicolas Aube-Kubel.
14:53 of 3rd period - Stopped by Magnus Hellberg with a rebound.
15:24 of 3rd period - Snap shot by Filip Hallander.
15:24 of 3rd period - Deflect By Radim Zohorna.
15:24 of 3rd period - Stopped by Jon Gillies without a rebound.
15:25 of 3rd period - Jonathan Gruden wins face-off versus Henrik Borgstrom in Hershey Bears zone.
15:26 of 3rd period - Snap shot by Jack Rathbone.
15:26 of 3rd period - Deflect By Jonathan Gruden.
15:26 of 3rd period - Stopped by Jon Gillies with a rebound.
15:38 of 3rd period - Snap shot by Henrik Borgstrom.
15:38 of 3rd period - Shot Blocked by Corey Andonovski.
15:40 of 3rd period - Snap shot by Ethen Frank.
15:40 of 3rd period - Shot Misses the Net.
16:42 of 3rd period - Icing by Raivis Ansons.
16:43 of 3rd period - Jonathan Gruden wins face-off versus Henrik Borgstrom in Wilkes-Barre/Scranton Penguins zone.
16:43 of 3rd period - Jonathan Gruden is hit by Adam Cracknell.
16:49 of 3rd period - Valtteri Puustinen is hit by Dylan McIlrath and loses puck.
16:57 of 3rd period - Icing by Will Butcher.
16:58 of 3rd period - Connor McMichael wins face-off versus Raivis Ansons in Wilkes-Barre/Scranton Penguins zone.
17:01 of 3rd period - Wrist shot by Connor McMichael.
17:01 of 3rd period - Stopped by Magnus Hellberg with a rebound.
17:24 of 3rd period - Icing by Adam Cracknell.
17:25 of 3rd period - Vinnie Hinostroza wins face-off versus Joe Snively in Hershey Bears zone.
17:26 of 3rd period - Slapshot by Valtteri Puustinen.
17:26 of 3rd period - Shot Blocked by Adam Cracknell.
17:40 of 3rd period - Snap shot by Joe Snively.
17:40 of 3rd period - Shot Blocked by Alex Nylander.
19:08 of 3rd period - Wilkes-Barre/Scranton Penguins, Magnus Hellberg is pulled from the net.
19:08 of 3rd period - Slapshot by Will Butcher.
19:08 of 3rd period - Stopped by Jon Gillies with a rebound.
19:10 of 3rd period - Snap shot by Vinnie Hinostroza.
19:10 of 3rd period - Shot Misses the Net.
19:32 of 3rd period - Wrist shot by Vinnie Hinostroza.
19:32 of 3rd period - Deflect By Alex Nylander.
19:32 of 3rd period - Stopped by Jon Gillies without a rebound.
19:33 of 3rd period - Mike Sullivan call a timeout for Wilkes-Barre/Scranton Penguins.
19:33 of 3rd period - Joe Snively wins face-off versus Vinnie Hinostroza in Hershey Bears zone.
19:58 of 3rd period - Slapshot by Alex Nylander.
19:58 of 3rd period - Shot Misses the Net.
Goals for this period are 0 for Hershey Bears vs 1 for Wilkes-Barre/Scranton Penguins.
Shots for this period are 11 for Hershey Bears vs 9 for Wilkes-Barre/Scranton Penguins.